 Dungeon Crawl Stone Soup version 0.19-a0-1019-g9c6a58d (console) character file.

315 brucemayne the Chopper (level 6, -3/69 HPs)
             Began as a Vampire Berserker on July 26, 2016.
             Was a Believer of Trog.
             Slain by Blork the orc
             ... wielding a +0 flail
              (4 damage)
             ... on level 4 of the Dungeon.
             The game lasted 00:05:28 (1572 turns).

brucemayne the Chopper (Vampire Berserker)          Turns: 1572, Time: 00:05:28

Health: -3/69      AC:  6    Str: 23    XL:     6   Next: 20%
Magic:  6/6        EV: 12    Int:  9    God:    Trog [**....]
Gold:   162        SH:  0    Dex: 14    Spells: 0 memorised, 5 levels left

rFire  . . .     SeeInvis +     a - +0 hand axe
rCold  . . .     Gourm    .     h - +0 ring mail
rNeg   + . .     Faith    .     (no shield)
rPois  .         Spirit   .     v - +0 helmet
rElec  .         Dismiss  .     (no cloak)
rCorr  .         Reflect  .     (no gloves)
SustAt +         Harm     .     (no boots)
MR     .....                    (no amulet)
Stlth  ..........               (no ring)
                                q - ring of sustain attributes

@: berserking, very quick, not resistant to hostile enchantments, extremely
unstealthy
A: fangs 3, see invisible, unbreathing
a: Bat Form, Berserk, Trog's Hand, Burn Spellbooks, Renounce Religion


You were on level 4 of the Dungeon.
You worshipped Trog.
Trog was pleased with you.
You were not thirsty.

You visited 2 branches of the dungeon, and saw 6 of its levels.

You collected 162 gold pieces.

Inventory:

Hand Weapons
 a - a +0 hand axe (weapon)
Missiles
 r - 2 curare-tipped needles
Armour
 b - a +0 animal skin
 h - a +0 ring mail (worn)
 o - a +0 ring mail
 v - a +0 helmet (worn)
Jewellery
 d - an uncursed ring of wizardry
 q - a ring of sustain attributes (left hand)
Scrolls
 e - a scroll of random uselessness {unknown}
 f - 3 scrolls of teleportation {unknown}
 g - 5 scrolls of identify {unknown}
 m - a scroll of remove curse {unknown}
 n - 2 scrolls of blinking {unknown}
 s - a scroll of noise {unknown}
 u - a scroll of amnesia {unknown}
Potions
 i - a potion of might {unknown}
 j - 3 potions of curing {unknown}
 k - a potion of brilliance {unknown}
 l - a potion of invisibility {unknown}
 p - a potion of haste {unknown}
 t - a potion of mutation {unknown}


   Skills:
 - Level 2.6 Fighting
 + Level 6.4 Axes
 - Level 1.5 Armour
 - Level 2.1 Dodging


You had 5 spell levels left.
You didn't know any spells.

Dungeon Overview and Level Annotations

Branches:
Dungeon (5/15)             Temple (1/1) D:4

Altars:
Cheibriados
Dithmenos
Fedhas
Makhleb
Nemelex Xobeh
Ru
Vehumet

Annotations:
D:4 Blork the orc, Menkaure
D:5 Pikel


Innate Abilities, Weirdness & Mutations

You have razor-sharp teeth.
You have supernaturally acute eyesight. (SInv)
You can survive without breathing.


Message History

Menkaure casts a spell.
Menkaure seems to speed up.
You hit Menkaure.
Menkaure is moderately damaged.
You closely miss Blork the orc.
Blork the orc hits you but does no damage.
Menkaure points at you and mumbles some strange words.
Pain shoots through your body!
* * * LOW HITPOINT WARNING * * *
You barely miss Menkaure.
Menkaure is moderately damaged.
You closely miss Blork the orc.
Blork the orc hits you but does no damage.
Unknown command.
You hit Menkaure.
Menkaure is heavily damaged.
You hit Blork the orc. Menkaure hits you!
* * * LOW HITPOINT WARNING * * *
Blork the orc hits you with a flail.
You die...

#############
##.....#!....##
##........$....##
#..........$....#
#.........M.....#
#....(...@o.....#
#.......%.......#
#...............#
##.............##
##...........##
####.#.######
#....#..#
##########.#.###.#
.........._..# .#


You could see Blork the orc and Menkaure.

Vanquished Creatures
  A sky beast (D:5)
  A scorpion (D:4)
  A centaur skeleton (D:4)
  Ijyb (D:3)
  2 worker ants
  An adder (D:2)
  An adder skeleton (D:4)
  3 worms
  A dart slug (D:3)
  2 giant geckos
  2 orcs (D:4)
  4 giant cockroaches
  8 goblins
  2 hobgoblins
  3 jackals (D:1)
  6 kobolds
  A ball python skeleton (D:4)
  3 bats
  2 giant newts
  5 rats
50 creatures vanquished.

Notes
Turn   | Place    | Note
-------+----------+-------------------------------------------
     0 | D:1      | brucemayne the Vampire Berserker began the quest for the Orb.
     0 | D:1      | Reached XP level 1. HP: 17/17 MP: 1/1
    74 | D:2      | Reached skill level 3 in Axes
   110 | D:2      | Found a snail-covered altar of Cheibriados.
   165 | D:2      | Reached XP level 2. HP: 16/23 MP: 2/2
   343 | D:2      | Reached XP level 3. HP: 8/28 MP: 3/3
   535 | D:3      | Reached skill level 4 in Axes
   677 | D:4      | Reached XP level 4. HP: 16/34 MP: 4/4
   681 | D:4      | Found a staircase to the Ecumenical Temple.
   772 | D:3      | Reached ** piety under Trog
   794 | D:3      | Noticed Ijyb
   808 | D:3      | Killed Ijyb
   808 | D:3      | Reached skill level 5 in Axes
   915 | D:4      | Reached XP level 5. HP: 14/39 MP: 5/5
   935 | Temple   | Entered the Ecumenical Temple
  1227 | D:4      | Found a blossoming altar of Fedhas.
  1376 | D:4      | Found a shadowy altar of Dithmenos.
  1395 | D:5      | Entered Level 5 of the Dungeon
  1437 | D:5      | Noticed a sky beast
  1456 | D:5      | Killed a sky beast
  1456 | D:5      | Reached skill level 6 in Axes
  1456 | D:5      | Reached XP level 6. HP: 14/46 MP: 6/6
  1492 | D:5      | Noticed a slave
  1493 | D:5      | Noticed a slave
  1493 | D:5      | Noticed a slave
  1494 | D:5      | Noticed Pikel
  1494 | D:5      | Noticed a slave
  1537 | D:4      | Found a radiant altar of Vehumet.
  1564 | D:4      | Noticed Menkaure
  1565 | D:4      | Noticed Blork the orc
  1572 | D:4      | HP: 1/69 [Menkaure (10)]
  1572 | D:4      | Slain by Blork the orc

Vault maps used:
D:1:      moated_graveyard_arrival, minmay_misc_feat_enclosed
D:2:      old_standard_altar
D:3:      kennysheep_the_goblin_king
D:4:      fedhas_altar_3, lemuel_crystal_altar, lemuel_doored_altar,
          uniq_menkaure, uniq_blork_the_orc
D:5:      xom_teletrap_fun, first_bread, uniq_crazy_yiuf_cottage, uniq_duvessa,
          uniq_pikel
Temple:   eino_temple_water

Skill      XL: |  1  2  3  4  5 |
---------------+----------------+-----
Axes           | 3 4 5 6 |  6.4
Fighting       | |  2.6
Armour         | |  1.5
Dodging        | |  2.1

Action                   |  1- 3 |  4- 6 || total
-------------------------+-------+-------++-------
Melee: Hand axe          |    64 |    89 ||   153
       Bite              |     8 |    12 ||    20
Invok: Berserk           |     5 |     5 ||    10
       Trog's Hand       |       |     1 ||     1
 Abil: End Transformatio |     1 |       ||     1
       Bat Form          |     1 |       ||     1
  Use: Potion            |     6 |     7 ||    13
Armor: Animal skin       |     8 |       ||     8
       Ring mail         |    11 |    34 ||    45
Dodge: Dodged            |    37 |    47 ||    84
